 Dungeon Crawl Stone Soup version 0.21.1-1-g345015f (webtiles) character file.

4855 Kagorn the Covert (level 10, -2/115 HPs)
             Began as a Vampire Berserker on June 5, 2018.
             Was a Priest of Trog.
             Slain by a two-headed ogre
             ... wielding a +0 dire flail
              (10 damage)
             ... on level 8 of the Dungeon.
             The game lasted 01:41:28 (8502 turns).

Kagorn the Covert (Vampire Berserker)               Turns: 8502, Time: 01:41:29

Health: -2/115     AC: 25    Str: 20    XL:     10   Next: 25%
Magic:  0/3        EV:  2    Int: 11    God:    Trog [***...]
Gold:   309        SH:  0    Dex: 16    Spells: 9/9 levels left

rFire    . . .     SeeInvis +   f - +5 scythe (antimagic)
rCold    . . .     Gourm    .   (shield currently unavailable)
rNeg     + + +     Faith    .   (armour currently unavailable)
rPois    +         Spirit   +   (helmet currently unavailable)
rElec    .         Reflect  .   (cloak currently unavailable)
rCorr    .         Harm     .   (gloves currently unavailable)
MR       +....     NoTele   +   (boots currently unavailable)
Stlth    +++++.....             n - amulet of guardian spirit
HPRegen  0.29/turn              b - +4 ring of strength
MPRegen  0.08/turn              j - ring of positive energy

@: tree-form
A: see invisible
a: Bat Form, Berserk, Trog's Hand, Burn Spellbooks, Renounce Religion


You were on level 8 of the Dungeon.
You worshipped Trog.
Trog was most pleased with you.
You were not thirsty.
You were a tree.
You visited 1 branch of the dungeon, and saw 8 of its levels.

You collected 309 gold pieces.

Inventory:

Hand Weapons
 f - a +5 antimagic scythe (weapon)
 p - a +1 short sword of speed
 C - a +4 falchion
 I - a +3 dagger of venom
Armour
 d - a +0 plate armour
 g - a +2 helmet of see invisible (melded)
 l - a +1 shield
 m - a +1 leather armour of fire resistance
 v - a +0 pair of gloves (melded)
 z - the +0 leather armour of Intercession (melded) {Slay+5}
   (You found it on level 5 of the Dungeon)

   It affects your accuracy and damage with ranged weapons and melee attacks
   (+5).
Jewellery
 b - a +4 ring of strength (left branch)
 j - a ring of positive energy (right branch)
 n - an amulet of guardian spirit (around neck)
Wands
 r - a wand of clouds (7)
 A - a wand of polymorph (26)
 B - a wand of paralysis (6)
 F - a wand of iceblast (8)
Scrolls
 h - 4 scrolls of remove curse
 o - 5 scrolls of identify
 s - a scroll of magic mapping
 t - 2 scrolls of teleportation
Potions
 a - a potion of curing
 c - 18 potions of blood
 e - 2 potions of lignification
 k - 2 potions of agility
 w - 3 potions of haste
 E - a potion of brilliance
Books
 G - a book of Changes

   Spells                             Type                      Level
   a - Beastly Appendage              Transmutation                1
   b - Sticks to Snakes               Transmutation                2
   c - Spider Form                    Transmutation/Poison         3
   d - Ice Form                       Ice/Transmutation            4
   e - Blade Hands                    Transmutation                5
   Trog disapproves of the use of such an item.


   Skills:
 * Level 6.6 Fighting
 + Level 8.6 Short Blades
 + Level 4.2 Armour
 + Level 5.0 Dodging
 * Level 10.5 Stealth
 + Level 6.0 Shields


You had 9 spell levels left.
You didn't know any spells.

Dungeon Overview and Level Annotations

Branches:
Dungeon (8/15)             Temple (0/1) D:4
   Lair: D:8-11

Altars:
Ashenzari
Kikubaaqudgha
Makhleb
Nemelex Xobeh
Okawaru
Sif Muna
Trog
Xom
Yredelemnul

Shops:
D:7 }   D:8 (


Innate Abilities, Weirdness & Mutations

((You have razor-sharp teeth.))
You have supernaturally acute eyesight. (SInv)
((You can survive without breathing.))


Message History

You slash the two-headed ogre!
The two-headed ogre is severely wounded.
The bullfrog hits you.
* * * LOW HITPOINT WARNING * * *
The bullfrog hits you but does no damage.
The two-headed ogre hits you with a dire flail!
* * * LOW HITPOINT WARNING * * *
The two-headed ogre hits you but does no damage.
The bullfrog hits you but does no damage.
You barely miss the two-headed ogre.
The two-headed ogre is severely wounded.
The bullfrog hits you but does no damage.
The two-headed ogre hits you with a dire flail.
* * * LOW HITPOINT WARNING * * *
The two-headed ogre hits you with a giant spiked club.
* * * LOW HITPOINT WARNING * * *
The bullfrog hits you but does no damage. x2
The two-headed ogre hits you but does no damage.
The two-headed ogre hits you with a giant spiked club!
You die...

....<..................[#........
.............))[........#........
...............).......[#........
.................##.....##.......
..####....##.....#########.......
########)###.....................
#........#.....................
#........#...FO................
#........'....♣................
#...(....#.....................
#........#............##......#
#........#............#########
#........#.....##.....##.......
#........#.....##.....##.......
.... #......#......'.......
#......#.....#########
##......#.....##......#


You could see a two-headed ogre and a bullfrog.

Vanquished Creatures
  A two-headed ogre (D:7)
  The ghost of Error4North the Grappler, a novice TrBe of Trog (D:7)
  Sigmund (D:3)
  A human (D:8)
  2 hungry ghosts
  4 hogs (D:8)
  2 orc warriors (D:8)
  2 phantoms
  A sky beast (D:8)
  The ghost of Error4North the Covered, an amateur MiFi (D:3)
  3 ogres
  2 centaurs (D:7)
  2 bullfrogs (D:6)
  3 scorpions
  8 wights
  3 howler monkeys
  A centaur zombie (D:8)
  3 crimson imps
  2 jellies (D:5)
  3 orc priests
  A gnoll shaman (D:8)
  Jessica (D:3)
  Ijyb (D:3)
  3 orc wizards
  5 worker ants
  A hound zombie (D:6)
  A worker ant zombie (D:5)
  4 gnolls (D:8)
  9 adders
  2 oozes (D:4)
  2 adder skeletons
  4 dart slugs
  3 worms
  A leopard gecko (D:4)
  30 orcs
  2 ball pythons
  3 giant cockroaches
  10 goblins
  11 hobgoblins
  8 jackals
  3 quokkas
  8 bats
  6 frilled lizards
  A jackal skeleton (D:4)
  9 kobolds
  A leopard gecko skeleton (D:4)
  11 rats
  2 fungi (D:1)
189 creatures vanquished.

Notes
Turn   | Place    | Note
-------+----------+-------------------------------------------
     0 | D:1      | Kagorn the Vampire Berserker began the quest for the Orb.
     0 | D:1      | Reached XP level 1. HP: 17/17 MP: 1/1
   556 | D:1      | Reached XP level 2. HP: 23/23 MP: 2/2
   561 | D:1      | Reached skill level 1 in Stealth
   911 | D:1      | Reached ** piety under Trog
   989 | D:1      | Reached XP level 3. HP: 29/29 MP: 3/3
  1550 | D:2      | Reached skill level 2 in Stealth
  1564 | D:2      | Found a burning altar of Makhleb.
  1777 | D:2      | Reached XP level 4. HP: 26/35 MP: 2/4
  1966 | D:3      | Found a burning altar of Makhleb.
  1984 | D:3      | Noticed Jessica
  1991 | D:3      | Killed Jessica
  2024 | D:3      | Noticed Ijyb
  2040 | D:3      | Killed Ijyb
  2040 | D:3      | Reached skill level 1 in Shields
  2087 | D:3      | Reached XP level 5. HP: 41/41 MP: 5/5
  2140 | D:3      | Noticed an ogre
  2146 | D:3      | Killed an ogre
  2146 | D:3      | Reached skill level 5 in Short Blades
  2146 | D:3      | Reached skill level 3 in Stealth
  2331 | D:3      | Noticed Sigmund
  2347 | D:3      | Killed Sigmund
  2347 | D:3      | Reached skill level 4 in Stealth
  2347 | D:3      | Reached XP level 6. HP: 47/47 MP: 0/6
  2484 | D:3      | Noticed Error4North's ghost (amateur MiFi)
  2496 | D:3      | Killed Error4North's ghost
  3047 | D:4      | Reached XP level 7. HP: 52/52 MP: 4/7
  3209 | D:4      | Reached skill level 5 in Stealth
  3336 | D:4      | Found an iron altar of Okawaru.
  3435 | D:4      | Found a staircase to the Ecumenical Temple.
  3741 | D:5      | Entered Level 5 of the Dungeon
  3752 | D:5      | Got a heavily runed leather armour
  3797 | D:5      | Identified the cursed +0 leather armour of Intercession {Slay+5} (You found it on level 5 of the Dungeon)
  4443 | D:5      | Reached XP level 8. HP: 61/61 MP: 8/8
  4750 | D:5      | Found a bloodstained altar of Trog.
  5092 | D:6      | Reached *** piety under Trog
  5102 | D:6      | Reached skill level 6 in Stealth
  5303 | D:6      | Reached skill level 5 in Fighting
  5408 | D:6      | Found an ancient bone altar of Kikubaaqudgha.
  5408 | D:6      | Found a bloodstained altar of Trog.
  5596 | D:7      | Reached skill level 7 in Stealth
  5630 | D:7      | Reached skill level 8 in Stealth
  5630 | D:7      | Reached XP level 9. HP: 52/68 MP: 7/9
  5694 | D:7      | Found a shimmering altar of Xom.
  5711 | D:7      | Noticed Error4North's ghost (novice TrBe)
  5735 | D:7      | Killed Error4North's ghost
  5735 | D:7      | Reached skill level 9 in Stealth
  6146 | D:7      | Found a shattered altar of Ashenzari.
  6234 | D:7      | Found a basalt altar of Yredelemnul.
  6234 | D:7      | Found a deep blue altar of Sif Muna.
  6235 | D:7      | Found a sparkling altar of Nemelex Xobeh.
  6407 | D:7      | Found Xites's Gadget Shop.
  7191 | D:8      | Reached skill level 5 in Shields
  7306 | D:8      | Noticed a two-headed ogre
  7323 | D:8      | Noticed a two-headed ogre
  7339 | D:7      | HP: 3/69 [orc priest/divine providence (12)]
  7570 | D:7      | Killed a two-headed ogre
  7570 | D:7      | Reached skill level 10 in Stealth
  7913 | D:8      | Reached XP level 10. HP: 72/77 MP: 10/10
  7961 | D:8      | Reached skill level 5 in Dodging
  8275 | D:8      | Found Niyficwi's Antique Weapon Shoppe.
  8498 | D:8      | HP: 1/115 [two-headed ogre/dire flail (5)]
  8502 | D:8      | Slain by a two-headed ogre

Skill      XL: |  1  2  3  4  5  6  7  8  9 10 |
---------------+-------------------------------+-----
Stealth        | 1 2 4 5 8 10 | 10.5
Fighting       | 3 4 5 6 |  6.6
Short Blades   | 4 5 6 7 8 |  8.6
Armour         | 2 3 4 |  4.2
Shields        | 1 2 3 4 5 6 |  6.0
Dodging        | 3 4 5 |  5.0

Action                   |  1- 3 |  4- 6 |  7- 9 | 10-12 || total
-------------------------+-------+-------+-------+-------++-------
Melee: Short sword       |   166 |   107 |   208 |       ||   481
       Bite              |    24 |    20 |    42 |     8 ||    94
       Dagger            |       |       |   108 |    65 ||   173
       Scythe            |       |       |       |     8 ||     8
       Falchion          |       |       |       |     5 ||     5
Invok: Trog's Hand       |       |     5 |     4 |       ||     9
       Berserk           |       |     5 |     3 |       ||     8
       Burn Spellbooks   |       |       |     1 |       ||     1
  Use: Scroll            |     4 |     1 |    13 |     1 ||    19
       Potion            |     5 |    12 |    26 |     7 ||    50
 Stab: Sleeping          |       |       |     9 |       ||     9
       Distracted        |       |       |       |     1 ||     1
Armor: Chain mail        |    83 |    52 |    18 |       ||   153
       Leather armour    |       |       |    35 |     8 ||    43
       Skin              |       |       |       |    30 ||    30
Dodge: Dodged            |    57 |    31 |    72 |    28 ||   188
Block: Shield            |    29 |    38 |   111 |    19 ||   197
       Rpst.: Falchion   |       |       |       |     1 ||     1
